 Dungeon Crawl Stone Soup version 0.19.1-1-g22dce08 (webtiles) character file.

6306 dngmouse the Severer (level 10, 0/81 HPs)
             Began as a Hill Orc Fighter on Jan 15, 2017.
             Was a Believer of Makhleb.
             Slain by an orc knight
             ... wielding a +0 bardiche
              (26 damage)
             ... on level 10 of the Dungeon.
             The game lasted 00:20:10 (6744 turns).

dngmouse the Severer (Hill Orc Fighter)             Turns: 6744, Time: 00:20:10

Health: 0/81       AC: 19    Str: 28    XL:     10   Next: 95%
Magic:  10/10      EV:  4    Int: 10    God:    Makhleb [**....]
Gold:   486        SH: 10    Dex: 10    Spells: 0 memorised, 9 levels left

rFire  . . .     SeeInvis .     N - +0 broad axe
rCold  . . .     Gourm    .     p - +0 plate armour
rNeg   . . .     Faith    .     c - +0 shield
rPois  .         Spirit   .     D - +0 helmet
rElec  .         Reflect  .     I - +0 cloak
rCorr  +         Harm     .     n - +0 pair of gloves
MR     .....     Rnd*Rage +     b - +0 pair of boots
Stlth  ..........               (no amulet)
                                B - +3 ring of protection
                                r - ring of resist corrosion

@: mighty, exhausted, slowed, drained, very slow
A: berserk 1, clever 1, shaggy fur 1, slow regeneration 1
a: Minor Destruction, Renounce Religion, Convert to Beogh


You were on level 10 of the Dungeon.
You worshipped Makhleb.
Makhleb was pleased with you.
You were not hungry.

You visited 2 branches of the dungeon, and saw 10 of its levels.
You also visited: Ossuary.

You collected 486 gold pieces.

Inventory:

Hand Weapons
 a - a +1 war axe
 u - a +2 whip of electrocution
 N - a +0 broad axe (weapon)
Missiles
 t - 7 javelins (quivered)
Armour
 b - a +0 pair of boots (worn)
 c - a +0 shield (worn)
 n - a +0 pair of gloves (worn)
 p - a +0 plate armour (worn)
 D - a +0 helmet (worn)
 I - a +0 cloak (worn)
Jewellery
 r - a ring of resist corrosion (left hand)
 w - an uncursed ring of fire
 B - a +3 ring of protection (right hand)
Wands
 C - a wand of lightning (10/15)
 J - a wand of digging (14/24)
 K - a wand of teleportation (2/9)
Scrolls
 e - 2 scrolls of fog {unknown}
 g - 2 scrolls of enchant weapon
 h - 11 scrolls of identify
 m - 2 scrolls of magic mapping {unknown}
 s - 3 scrolls of teleportation {unknown}
 v - 2 scrolls of noise {unknown}
 x - 2 scrolls of remove curse
 y - 3 scrolls of fear {unknown}
 E - a scroll of amnesia {unknown}
 F - 4 scrolls of enchant armour {unknown}
 G - a scroll of immolation {unknown}
 H - a scroll of random uselessness {unknown}
 L - a scroll of recharging {unknown}
 O - a scroll of torment {unknown}
Potions
 j - 2 potions of heal wounds
 l - 2 potions of brilliance
 o - 2 potions of lignification
 A - a potion of curing
Comestibles
 f - 10 bread rations
 i - 3 beef jerkies
 k - 4 slices of pizza
 q - 6 meat rations
 z - a royal jelly
 M - 5 chunks of flesh


   Skills:
 - Level 5.0(4.7) Fighting
 * Level 18.9(18.6) Axes
 - Level 3.2(3.0) Armour
 - Level 3.2(3.0) Shields


You had 9 spell levels left.
You didn't know any spells.

Dungeon Overview and Level Annotations

Branches:
Dungeon (10/15)            Temple (1/1) D:6            Lair (0/6) D:10
    Orc (0/2) D:10

Altars:
Ashenzari
Cheibriados
Dithmenos
Elyvilon
Fedhas
Gozag
Hepliaklqana
Kikubaaqudgha
Makhleb
Nemelex Xobeh
Okawaru
Qazlal
Ru
Sif Muna
Trog
Uskayaw
Vehumet
Xom
Yredelemnul
Zin
The Shining One
Beogh


Innate Abilities, Weirdness & Mutations

You tend to lose your temper in combat.
Your mind is acute. (Int +2)
You are covered in fur. (AC +1)
You regenerate slowly when monsters are visible.


Message History

Makhleb accepts your kill.
Some of the chunks of flesh in your inventory have rotted away.
You closely miss the orc. You hit the orc. You block the orc's attack.
The orc hits you with a falchion.
You barely miss the orc.
The orc is moderately wounded.
You slash the orc!
You kill the orc!
Makhleb accepts your kill. You block the orc's attack.
You slash the orc!
You kill the orc!
Makhleb accepts your kill.
You closely miss the orc priest.
The orc knight hits you but does no damage.
The orc priest invokes the aid of Beogh against you.
Beogh smites you!
You barely miss the orc priest.
The orc knight hits you from afar with a bardiche!!
You die...

..... .....#
#...#####...#### .....
....#####...# #######.
..... ............#
#...##.. .....
............# #.....#.
.....
...........#####.......
...#.
#.....................
..##
#......)).............
.##
#....).>..............
.#.
#...o@))[.............
..#
......).)...............
...#
####8o8##...#####.......
...# ..... #...#
#.....#. ...# .......
#...# #...##.. ...#
._..⌠.. #...# ...#
....... #...# ...#
.>..... .. ...


You could see an orc knight and an orc priest.

Vanquished Creatures
  A hill giant (D:10)
  Pikel (D:5)
  An orc knight (D:10)
  A manticore (D:10)
  2 trolls (D:10)
  2 hippogriffs (D:8)
  A spriggan (D:8)
  Grum (D:10)
  An orc warrior (D:10)
  A water moccasin (D:10)
  A black bear (D:8)
  3 sky beasts
  A phantom (D:9)
  A slave (D:5)
  2 ogres
  2 wolves (D:10)
  2 centaurs
  A necrophage (D:10)
  A big kobold (D:9)
  A crocodile (D:10)
  4 bullfrogs
  4 elf zombies (Ossuary)
  2 scorpions
  3 killer bees (D:8)
  3 howler monkeys (D:10)
  5 centaur zombies
  A crimson imp (D:5)
  2 hounds
  2 quasits
  5 human zombies (Ossuary)
  4 orc priests
  2 jellies
  4 orc wizards
  2 iguanas
  8 worker ants
  2 hound zombies
  A hound skeleton (D:5)
  3 mummies (Ossuary)
  A howler monkey skeleton (D:4)
  8 adders
  2 shadow imps
  3 oozes
  3 adder skeletons
  A worm (D:4)
  2 dart slugs
  4 leopard geckos
  26 orcs
  4 ball pythons
  9 bats
  8 giant cockroaches
  6 goblins
  8 hobgoblins
  8 jackals
  3 quokkas
  5 frilled lizards
  16 kobolds
  2 leopard gecko zombies
  13 rats
216 creatures vanquished.

Vanquished Creatures (others)
  A leopard gecko (D:5)
1 creature vanquished.

Grand Total: 217 creatures vanquished

Notes
Turn   | Place    | Note
-------+----------+-------------------------------------------
     0 | D:1      | dngmouse the Hill Orc Fighter began the quest for the Orb.
     0 | D:1      | Reached XP level 1. HP: 19/19 MP: 1/1
     7 | D:1      | Reached skill level 3 in Axes
    90 | D:1      | Reached XP level 2. HP: 27/27 MP: 2/2
   536 | D:1      | Reached XP level 3. HP: 25/33 MP: 3/3
   794 | D:2      | Reached skill level 4 in Axes
   989 | D:2      | Reached XP level 4. HP: 41/41 MP: 4/4
  1160 | D:2      | Reached skill level 5 in Axes
  1607 | D:3      | Reached XP level 5. HP: 47/47 MP: 5/5
  1748 | D:3      | Found a snail-covered altar of Cheibriados.
  1755 | D:3      | Reached skill level 5 in Fighting
  2024 | D:3      | Reached skill level 6 in Axes
  2256 | D:3      | Found a glowing silver altar of Zin.
  2260 | D:3      | Found a basalt altar of Yredelemnul.
  2261 | D:3      | Found an opulent altar of Gozag.
  2504 | D:3      | Reached skill level 7 in Axes
  2558 | D:4      | Reached XP level 6. HP: 53/56 MP: 6/6
  2691 | D:4      | Found a sand-covered staircase.
  2701 | Ossuary  | Entered an ossuary
  2721 | Ossuary  | Reached skill level 8 in Axes
  2785 | Ossuary  | Reached skill level 9 in Axes
  2785 | Ossuary  | Reached XP level 7. HP: 61/61 MP: 7/7
  2956 | Ossuary  | Reached skill level 10 in Axes
  3006 | D:4      | Reached XP level 8. HP: 62/68 MP: 8/8
  3092 | D:4      | Reached skill level 11 in Axes
  3261 | D:5      | Entered Level 5 of the Dungeon
  3291 | D:5      | Gained mutation: You regenerate slowly when monsters are visible. [potion of mutation]
  3291 | D:5      | Gained mutation: Your mind is acute. (Int +2) [potion of mutation]
  3291 | D:5      | Gained mutation: You tend to lose your temper in combat. [potion of mutation]
  3546 | D:5      | Noticed Pikel
  3583 | D:5      | Killed Pikel
  3583 | D:5      | Reached skill level 12 in Axes
  3661 | D:5      | Reached skill level 13 in Axes
  4430 | D:5      | Reached XP level 9. HP: 74/74 MP: 9/9
  4557 | D:6      | Found a staircase to the Ecumenical Temple.
  4617 | Temple   | Entered the Ecumenical Temple
  4629 | Temple   | Became a worshipper of Makhleb the Destroyer
  4785 | D:6      | You are sucked into a shaft for 2 floors!
  4790 | D:8      | Reached skill level 14 in Axes
  4950 | D:8      | Reached skill level 15 in Axes
  5431 | D:9      | Reached skill level 16 in Axes
  5519 | D:9      | Reached * piety under Makhleb
  5534 | D:9      | Found a blossoming altar of Fedhas.
  5590 | D:9      | Reached XP level 10. HP: 79/81 MP: 10/10
  5791 | D:9      | Found a blossoming altar of Fedhas.
  5813 | D:9      | Gained mutation: You are covered in fur. (AC +1) [potion of mutation]
  6031 | D:10     | Entered Level 10 of the Dungeon
  6032 | D:10     | Found a staircase to the Lair.
  6044 | D:10     | Noticed a manticore
  6065 | D:10     | Killed a manticore
  6065 | D:10     | Reached skill level 17 in Axes
  6425 | D:10     | Reached ** piety under Makhleb
  6475 | D:10     | Noticed a hill giant
  6487 | D:10     | Killed a hill giant
  6487 | D:10     | Reached skill level 18 in Axes
  6662 | D:10     | Noticed Grum
  6675 | D:10     | Killed Grum
  6712 | D:10     | Noticed an orc knight
  6728 | D:10     | Killed an orc knight
  6730 | D:10     | Found a roughly hewn altar of Beogh.
  6736 | D:10     | Found a staircase to the Orcish Mines.
  6737 | D:10     | Noticed an orc knight
  6744 | D:10     | Slain by an orc knight

Skill      XL: |  1  2  3  4  5  6  7  8  9 10 |
---------------+-------------------------------+-----
Axes           | 3 4 5 7 9 10 13 16 18 | 18.9
Fighting       | 4 5 |  5.0
Armour         | |  3.2
Shields        | |  3.2

Action                   |  1- 3 |  4- 6 |  7- 9 | 10-12 || total
-------------------------+-------+-------+-------+-------++-------
Melee: War axe           |    81 |   227 |   308 |    36 ||   652
       Broad axe         |       |       |       |   141 ||   141
  Use: Potion            |       |       |     9 |     6 ||    15
       Scroll            |       |       |     5 |     1 ||     6
  Eat: Chunk             |       |     7 |     9 |     4 ||    20
Armor: Scale mail        |    25 |       |       |       ||    25
       Plate armour      |    13 |   182 |   180 |   107 ||   482
Dodge: Dodged            |    17 |    31 |    38 |    20 ||   106
Block: Shield            |    42 |   122 |   138 |    99 ||   401
